 Dungeon Crawl Stone Soup version 0.27-a0-1500-g450c7e4133 (webtiles) character file.

Game seed: 17518804643330019016

118835 apoch the Victor of a Thousand Battles (level 16, -6/134 HPs)
             Began as a Hill Orc Fighter on July 7, 2021.
             Was the Champion of Okawaru.
             Mangled by a jumping spider (8 damage)
             ... on level 1 of the Spider Nest.
             The game lasted 01:18:05 (32253 turns).

apoch the Victor of a Thousand Battles (HOFi)      Turns: 32253, Time: 01:18:05

Health: -6/134     AC: 19    Str: 41      XL:     16   Next: 77%
Magic:  5/21       EV:  6    Int: 12      God:    Okawaru [******]
Gold:   2626       SH:  0    Dex: 14 (15) Spells: 15/15 levels left

rFire    . . .     SeeInvis .   a - +11 war axe of Foul Odors {vorpal, Will+ rCorr Str+4}
rCold    + + .     Faith    .   r - +2 kite shield
rNeg     . . .     Spirit   .   l - +0 plate armour "Seepnur" {rC+ rCorr MP-9 Str+4 Dex-2}
rPois    +         Reflect  +   M - +1 helmet of Cuzxiori {Str+3}
rElec    +         Harm     .   Q - +0 cloak {rPois}
rCorr    +         Rampage  .   I - +0 pair of gloves "Cuone" {Str+4 Slay+3}
Will     +....                  (no boots)
Stlth    ..........             G - amulet of reflection
HPRegen  0.32/turn              U - ring "Budoufrasa" {rElec rPois rC+ Will- Int+4}
MPRegen  0.17/turn              R - ring "Siuvopes" {rCorr Dex+7}

@: about to teleport, on berserk cooldown, held, slowed, studying Dodging, very
slow
A: no striking features
a: Renounce Religion, Heroism, Finesse


You were on level 1 of the Spider Nest.
You worshipped Okawaru.
Okawaru was exalted by your worship.
You visited 5 branches of the dungeon, and saw 24 of its levels.
You also visited: Ossuary, Bailey, Gauntlet and Volcano.

You collected 2626 gold pieces.

Inventory:

Hand Weapons
 a - the +11 war axe of Foul Odors (weapon) {vorpal, Will+ rCorr Str+4}
   (You found it on level 4 of the Dungeon)

   It inflicts extra damage upon your enemies.
   Str:       It affects your strength (+4).
   rCorr:     It protects you from acid and corrosion.
   Will:      It increases your willpower.
 b - the +9 war axe of Pimne {flame, Will+ Str-2 Int+5}
   (Okawaru gifted it to you in a volcano)

   It has been specially enchanted to burn those struck by it, causing extra
   injury to most foes and up to half again as much damage against particularly
   susceptible opponents.
   Big, fiery blades are also staple armaments of hydra-hunters.
   Str:       It affects your strength (-2).
   Int:       It affects your intelligence (+5).
   Will:      It increases your willpower.
 X - a +1 executioner's axe of freezing
Missiles
 A - 9 atropa-tipped darts (quivered)
 W - 9 boomerangs
Armour
 l - the +0 plate armour "Seepnur" (worn) {rC+ rCorr MP-9 Str+4 Dex-2}
   (You took it off a kobold on level 4 of the Dungeon)

   Str:       It affects your strength (+4).
   Dex:       It affects your dexterity (-2).
   rC:        It protects you from cold.
   MP:        It affects your magic capacity (-9).
   rCorr:     It protects you from acid and corrosion.
 r - a +2 kite shield (worn)
 I - the +0 pair of gloves "Cuone" (worn) {Str+4 Slay+3}
   (Okawaru gifted it to you on level 3 of the Lair of Beasts)

   Str:       It affects your strength (+4).
   Slay:      It affects your accuracy & damage with ranged weapons and melee
   (+3).
 M - the +1 helmet of Cuzxiori (worn) {Str+3}
   (Okawaru gifted it to you on level 6 of the Lair of Beasts)

   Str:       It affects your strength (+3).
 Q - a +0 cloak of poison resistance (worn)
Jewellery
 m - a ring of flight
 u - a +6 ring of strength
 y - a ring of willpower
 G - an amulet of reflection (around neck)
 R - the ring "Siuvopes" (right hand) {rCorr Dex+7}
   (You found it in a Gauntlet)

   [ring of resist corrosion]

   Dex:       It affects your dexterity (+7).
   rCorr:     It protects you from acid and corrosion.
 U - the ring "Budoufrasa" (left hand) {rElec rPois rC+ Will- Int+4}
   (You found it in a Gauntlet)

   [ring of poison resistance]

   Int:       It affects your intelligence (+4).
   rC:        It protects you from cold.
   rElec:     It insulates you from electricity.
   rPois:     It protects you from poison.
   Will:      It decreases your willpower.
 Z - a ring of willpower
Wands
 o - a wand of iceblast (12)
 q - a wand of polymorph (25)
 v - a wand of flame (85)
 D - a wand of mindburst (22)
 K - a wand of paralysis (9)
 L - a wand of charming (14)
 N - a wand of digging (13)
Scrolls
 e - 8 scrolls of teleportation
 i - a scroll of amnesia
 k - a scroll of holy word
 w - 4 scrolls of immolation
 x - 8 scrolls of enchant weapon
 B - 4 scrolls of fog
 C - 4 scrolls of magic mapping
 E - 3 scrolls of enchant armour
 H - 11 scrolls of identify
 J - 9 scrolls of blinking
 O - 2 scrolls of fear
 P - a scroll of brand weapon
Potions
 d - 5 potions of might
 g - 4 potions of attraction
 h - 4 potions of flight
 j - 2 potions of haste
 n - 3 potions of invisibility
 p - 3 potions of mutation
 t - 6 potions of curing
 z - 3 potions of lignification
 T - 5 potions of brilliance
 Y - 4 potions of resistance
Miscellaneous
 V - a tin of tremorstones (2/2)


   Skills:
 - Level 10.0 Fighting
 + Level 16.7 Axes
 - Level 10.0 Throwing
 - Level 10.0 Armour
 - Level 10.0 Dodging
 - Level 3.2 Shields
 + Level 21.2 Invocations
 - Level 10.0 Evocations


You had 15 spell levels left.
You didn't know any spells.
Your spell library contained the following spells:

 Spells                   Type           Power      Damage    Failure   Level
 Animate Skeleton         Necr           0%         N/A       100%        1
 Apportation              Tloc           0%         N/A       100%        1
 Beastly Appendage        Tmut           0%         N/A       100%        1
 Corona                   Hex            0%         N/A       100%        1
 Magic Dart               Conj           0%         1d3       100%        1
 Summon Small Mammal      Summ           0%         N/A       100%        1
 Blink                    Tloc           N/A        N/A       100%        2
 Corpse Rot               Necr/Air       N/A        N/A       100%        2
 Ensorcelled Hibernation  Hex/Ice        0%         N/A       100%        2
 Passwall                 Tmut/Erth      0%         N/A       100%        2
 Searing Ray              Conj           0%         3d3       100%        2
 Sublimation of Blood     Necr           0%         N/A       100%        2
 Wereblood                Tmut           0%         N/A       100%        2
 Conjure Flame            Conj/Fire      0%         6-21      100%        3
 Dazzling Flash           Conj/Hex       0%         N/A       100%        3
 Frozen Ramparts          Ice            0%         1d2       100%        3
 Gell's Gravitas          Tloc           0%         N/A       100%        3
 Ignite Poison            Fire/Tmut/Pois 0%         N/A       100%        3
 Lesser Beckoning         Tloc           0%         N/A       100%        3
 Portal Projectile        Hex/Tloc       0%         N/A       100%        3
 Spider Form              Tmut/Pois      0%         N/A       100%        3
 Stone Arrow              Conj/Erth      0%         3d7       100%        3
 Teleport Other           Tloc           0%         N/A       100%        3
 Tukima's Dance           Hex            0%         N/A       100%        3
 Animate Armour           Summ/Erth      0%         N/A       100%        4
 Dispel Undead            Necr           0%         3d6       100%        4
 Fulminant Prism          Conj/Hex       0%         3d6       100%        4
 Ice Form                 Ice/Tmut       0%         N/A       100%        4
 Iskenderun's Mystic Bla  Conj/Tloc      0%         2d3       100%        4
 Olgreb's Toxic Radiance  Pois           0%         N/A       100%        4
 Sticky Flame             Conj/Fire      0%         2d3       100%        4
 Summon Ice Beast         Ice/Summ       0%         N/A       100%        4
 Agony                    Necr           0%         N/A       100%        5
 Blade Hands              Tmut           0%         N/A       100%        5
 Bolt of Magma            Conj/Fire/Erth 0%         4d4       100%        5
 Excruciating Wounds      Necr           0%         N/A       100%        5
 Fireball                 Conj/Fire      0%         3d3       100%        5
 Freezing Cloud           Conj/Ice/Air   0%         6-21      100%        5
 Lee's Rapid Deconstruct  Erth           0%         3d5*      100%        5
 Manifold Assault         Tloc           0%         N/A       100%        5
 Silence                  Hex/Air        0%         N/A       100%        5
 Summon Forest            Summ/Tloc      0%         N/A       100%        5
 Death Channel            Necr           0%         N/A       100%        6
 Shadow Creatures         Summ           N/A        N/A       100%        6
 Simulacrum               Ice/Necr       0%         N/A       100%        6
 Starburst                Conj/Fire      0%         8x6d3     100%        6
 Ozocubu's Refrigeration  Ice            0%         4d5       100%        7
 Storm Form               Tmut/Air       0%         N/A       100%        7
 Ignition                 Fire           0%         3d3       100%        8
 Lehudib's Crystal Spear  Conj/Erth      0%         10d2      100%        8
 Fire Storm               Conj/Fire      0%         5d1       100%        9
 Polar Vortex             Ice            0%         N/A       100%        9
 Shatter                  Erth           0%         3d5*      100%        9


Dungeon Overview and Level Annotations

Branches:
Dungeon (14/15)            Temple (1/1) D:7            Lair (6/6) D:10
 Shoals (0/4) Lair:4       Spider (1/4) Lair:3        Slime (0/5) Lair:6
    Orc (2/2) D:9             Elf (0/3) Orc:2        Vaults (0/5) D:13
Ossuary (visited)          Bailey (visited)         Volcano (visited)
Gauntlet (visited)

Altars:
Ashenzari
Cheibriados
Dithmenos
Elyvilon
Fedhas
Gozag
Hepliaklqana
Kikubaaqudgha
Makhleb
Nemelex Xobeh
Okawaru
Qazlal
Ru
Sif Muna
Trog
Uskayaw
Vehumet
Wu Jian
Xom
Yredelemnul
Zin
The Shining One
Beogh
Jiyva

Shops:
D:1 *   D:8 [!   Orc:2 *:[(


Message History

The jumping spider leaps! x2; The jumping spider pounces on you!
* * * LOW HITPOINT WARNING * * *
You are caught in a web!
The jumping spider bites you but does no damage.
The wolf spider hits you but does no damage.
The wolf spider bites you!
* * * LOW HITPOINT WARNING * * *
Unknown command.
Unknown command.
The web tears apart.
You block the jumping spider's attack. x3
The jumping spider bites you but does no damage.
The jumping spider closely misses you. The jumping spider barely misses you.
Unknown command.
You feel much better.
The jumping spider leaps!
You block the jumping spider's attack. x2; You block the wolf spider's attack.
The wolf spider bites you but does no damage.
The jumping spider leaps! x2; The jumping spider barely misses you.
The jumping spider bites you but does no damage.
The wolf spider hits you.
* * * LOW HITPOINT WARNING * * *
The wolf spider bites you but does no damage.
As you read the scroll of teleportation, it crumbles to dust.
You feel strangely unstable. The wolf spider hits you!
* * * LOW HITPOINT WARNING * * *
The wolf spider bites you but does no damage.
The jumping spider leaps! x2; The jumping spider misses you.
You block the jumping spider's attack. You block the wolf spider's attack. x2
The jumping spider pounces on you!
* * * LOW HITPOINT WARNING * * *
You are caught in a web!
The jumping spider bites you but does no damage.
The wolf spider barely misses you. The wolf spider bites you.
* * * LOW HITPOINT WARNING * * *
Unknown command.
Unknown command.
The web tears apart.
The jumping spider pounces on you!
* * * LOW HITPOINT WARNING * * *
You are caught in a web!
The jumping spider closely misses you. The jumping spider pounces on you!
You die...

##.†.....#.......
.......#.###...#.######
.#.....s.. ##.^###
.......^.# #..#
....#(... ####
........## #...(....
.......s## .....°s@.#
......s.## ..##...##
####


You could see a wolf spider and 3 jumping spiders.

Vanquished Creatures
  Rupert (Lair:5)
  Gastronok (D:9)
  Kirke (Lair:4)
  An orc warlord (Orc:2)
  A ghost moth (Spider:1)
  An ironbound preserver (D:13)
  A minotaur (Gauntlet)
  Snorg (D:14)
  Josephine (Lair:5)
  Erolcha (D:11)
  Fannar (D:11)
  9 hydras
  3 centaur warriors (D:13)
  2 catoblepae
  4 boulder beetles
  2 death knights
  An anaconda (shapeshifter) (Gauntlet)
  3 two-headed ogres
  2 tengu warriors
  An orc high priest (Orc:2)
  A thrashing horror (Gauntlet)
  Nergalle (D:11)
  A fire crab (Lair:6)
  4 skeletal warriors
  An obsidian statue (D:11)
  A lindwurm (Lair:6)
  2 wizards (D:14)
  5 orc knights
  4 orc sorcerers (Orc:2)
  2 orb spiders (Spider:1)
  A deep elf pyromancer (D:14)
  9 wolf spiders (Spider:1)
  An oklob plant (Lair:1)
  A necromancer (Gauntlet)
  5 manticores
  6 ugly things
  2 moths of wrath (Spider:1)
  Maurice (D:9)
  5 cyclopes
  3 centaur zombies
  7 black mambas
  Joseph (D:10)
  8 elephants
  11 cane toads
  4 gargoyles
  2 torpor snails
  3 rime drakes
  2 unseen horrors (D:10)
  15 komodo dragons
  Psyche (D:11)
  2 demonic crawlers (Spider:1)
  A yaktaur (D:13)
  A freezing wraith (D:13)
  5 trolls
  A meliai (shapeshifter) (D:14)
  10 polar bears
  5 jumping spiders (Spider:1)
  A wind drake (Lair:4)
  A raiju (Lair:6)
  2 harpy skeletons (Volcano)
  6 slime creatures (D:13)
  17 blink frogs
  8 dream sheep
  2 flying skulls (Volcano)
  4 shadows
  A centaur simulacrum (D:14)
  13 redbacks (Spider:1)
  11 tarantellas (Spider:1)
  An alligator skeleton (Volcano)
  69 yaks
  4 wraiths
  9 wyverns
  6 basilisks
  5 hogs (Lair:4)
  A human (D:9)
  4 steam dragons
  10 vampire mosquitoes
  10 wargs
  3 swamp worms (Lair:4)
  3 acid dragons
  14 hell hounds (Lair:6)
  21 water moccasins
  13 black bears
  36 orc warriors
  3 ogres
  2 ice beasts
  29 wolves
  7 centaurs
  3 small abominations (Gauntlet)
  A kobold brigand (D:6)
  8 bullfrogs
  3 elf zombies (Ossuary)
  8 gnoll sergeants (Bailey)
  2 scorpions (D:10)
  A wyvern skeleton (D:6)
  A spriggan skeleton (Volcano)
  6 wights
  2 electric eels
  4 hounds
  A jelly (D:6)
  6 gnoll shamans (Bailey)
  24 orc priests
  A centaur skeleton (D:7)
  An iguana (D:5)
  24 orc wizards
  7 hell rats (Lair:5)
  A killer bee zombie (D:8)
  A hound zombie (Ossuary)
  A naga skeleton (Volcano)
  A hound skeleton (D:4)
  3 mummies (Ossuary)
  A howler monkey zombie (D:9)
  26 gnolls
  3 adders
  3 river rats (Lair:1)
  A white imp (D:7)
  An ufetubus (D:6)
  A worm (D:3)
  An adder skeleton (D:4)
  7 dart slugs
  76 orcs
  3 ball pythons (D:1)
  6 bats
  6 endoplasms
  7 giant cockroaches
  6 goblins
  6 hobgoblins
  15 jackals
  12 kobolds
  3 quokkas
  3 frilled lizards
  4 goblin zombies
  3 hobgoblin zombies (Ossuary)
  A jackal zombie (Ossuary)
  An orc zombie (Ossuary)
  5 rats
  A rat zombie (D:4)
  A butterfly (Lair:2)
802 creatures vanquished.

Vanquished Creatures (others)
  A rakshasa (D:14)
  A flying skull (Volcano)
  An elf zombie (Ossuary)
  A mummy (Ossuary)
  26 fungi
  55 plants
85 creatures vanquished.

Grand Total: 887 creatures vanquished

Notes
Turn   | Place    | Note
-------+----------+-------------------------------------------
     0 | D:1      | apoch the Hill Orc Fighter began the quest for the Orb.
     0 | D:1      | Reached XP level 1. HP: 19/19 MP: 1/1
   181 | D:1      | Reached XP level 2. HP: 27/27 MP: 2/2
   457 | D:1      | Reached XP level 3. HP: 33/33 MP: 3/3
   924 | D:1      | Found Jaess's Assorted Antiques.
  1024 | D:2      | Found a hide-covered altar of Uskayaw.
  1070 | D:2      | Reached XP level 4. HP: 34/40 MP: 4/4
  1188 | D:2      | Found a faded altar of an unknown god.
  1774 | D:3      | Reached skill level 5 in Axes
  1885 | D:3      | Reached XP level 5. HP: 40/47 MP: 5/5
  2797 | D:4      | Found a sand-covered staircase.
  2814 | Ossuary  | Entered an ossuary
  2822 | Ossuary  | Reached skill level 5 in Fighting
  2822 | Ossuary  | Reached XP level 6. HP: 52/56 MP: 6/6
  2832 | Ossuary  | HP: 2/56 [elf zombie (5)]
  2834 | Ossuary  | Reached skill level 5 in Armour
  2866 | Ossuary  | Reached XP level 7. HP: 9/61 MP: 7/7
  3755 | D:4      | Identified the +0 plate armour "Seepnur" {rC+ rCorr MP-9
                  | Str+4 Dex-2}
  4028 | D:4      | Identified the +11 war axe of Foul Odors {vorpal, Will+
                  | rCorr Str+4}
  4177 | D:5      | Entered Level 5 of the Dungeon
  4579 | D:5      | Reached XP level 8. HP: 54/70 MP: 0/8
  6442 | D:6      | Reached skill level 10 in Axes
  7026 | D:7      | Found a staircase to the Ecumenical Temple.
  7035 | Temple   | Entered the Ecumenical Temple
  7125 | Temple   | Became a worshipper of Warmaster Okawaru
  7166 | D:7      | Reached skill level 1 in Invocations
  7166 | D:7      | Reached XP level 9. HP: 79/79 MP: 0/9
  7227 | D:7      | Found a hazy altar of Hepliaklqana.
  7247 | D:7      | Reached * piety under Okawaru
  7248 | D:7      | Reached skill level 2 in Invocations
  7647 | D:8      | Reached skill level 3 in Invocations
  7747 | D:8      | Reached ** piety under Okawaru
  8001 | D:8      | Reached skill level 4 in Invocations
  8196 | D:8      | Found Gaemn's Antique Armour Shoppe.
  8363 | D:8      | Reached XP level 10. HP: 83/90 MP: 4/13
  8370 | D:8      | Reached skill level 5 in Invocations
  8451 | D:8      | Found Mexkot's Distillery.
  8545 | D:9      | Reached skill level 6 in Invocations
  8548 | D:9      | Reached *** piety under Okawaru
  8999 | D:9      | Found a staircase to the Orcish Mines.
  9273 | D:9      | Noticed Gastronok
  9287 | D:9      | Killed Gastronok
  9287 | D:9      | Reached **** piety under Okawaru
  9288 | D:9      | Reached skill level 10 in Fighting
  9288 | D:9      | Reached skill level 8 in Invocations
  9619 | D:10     | Entered Level 10 of the Dungeon
  9644 | D:9      | Reached skill level 10 in Armour
  9646 | D:10     | Noticed Maurice
  9661 | D:9      | Reached skill level 9 in Invocations
  9661 | D:9      | Reached XP level 11. HP: 63/99 MP: 8/17
  9663 | D:9      | Reached skill level 1 in Evocations
  9810 | D:9      | Reached skill level 1 in Throwing
  9810 | D:9      | Reached skill level 1 in Dodging
  9881 | D:9      | Reached ***** piety under Okawaru
 10080 | D:9      | Killed Maurice
 10210 | D:10     | Reached skill level 10 in Invocations
 10330 | D:10     | Found a staircase to the Lair.
 10568 | D:10     | Identified the +1 robe "Kidaif" {Str+7} (Okawaru gifted it
                  | to you on level 10 of the Dungeon)
 10568 | D:10     | Received a gift from Okawaru
 10591 | D:10     | Noticed Joseph
 10606 | D:10     | Reached skill level 11 in Invocations
 10613 | D:10     | Killed Joseph
 11463 | D:11     | Noticed a six-headed hydra
 11483 | D:11     | Killed a six-headed hydra
 11484 | D:11     | Reached XP level 12. HP: 54/106 MP: 3/20
 11561 | Lair:1   | Entered Level 1 of the Lair of Beasts
 11730 | Lair:1   | Reached skill level 12 in Invocations
 11757 | Lair:1   | Found a gate leading to a gauntlet.
 11766 | Gauntlet | Entered a Gauntlet
 11766 | Gauntlet | Found a transporter.
 11766 | Gauntlet | Found a transporter.
 11766 | Gauntlet | Found a runed translucent door.
 11774 | Gauntlet | Found a runed translucent door.
 11787 | Gauntlet | Found a transporter.
 11787 | Gauntlet | Found a transporter.
 11791 | Gauntlet | Found a transporter.
 11791 | Gauntlet | Found a transporter.
 11829 | Gauntlet | Found a transporter.
 11829 | Gauntlet | Found a transporter.
 11835 | Gauntlet | Noticed a ghost crab
 11837 | Gauntlet | Found a transporter.
 11851 | Gauntlet | Noticed a thrashing horror
 11854 | Gauntlet | Found a transporter.
 11873 | Gauntlet | Found a transporter.
 11877 | Gauntlet | Found a transporter.
 11890 | Gauntlet | Noticed a catoblepas
 11961 | Gauntlet | Noticed an anaconda
 11977 | Gauntlet | Found a runed translucent door.
 12006 | Gauntlet | Killed an anaconda
 12120 | Gauntlet | Killed a thrashing horror
 12127 | Gauntlet | Reached skill level 5 in Evocations
 12132 | Gauntlet | Identified the ring "Siuvopes" {rCorr Dex+7}
 12265 | Gauntlet | Noticed a minotaur
 12273 | Gauntlet | Killed a minotaur
 12297 | Gauntlet | Identified the ring "Budoufrasa" {rElec rPois rC+ Will-
                  | Int+4}
 12410 | Lair:1   | Reached skill level 13 in Invocations
 12622 | Lair:1   | Got Witchery Continued
 12923 | Lair:1   | Received a gift from Okawaru
 12924 | Lair:1   | Reached skill level 5 in Throwing
 13229 | Lair:1   | Noticed a six-headed hydra
 13241 | Lair:1   | Killed a one-headed hydra
 14062 | Lair:2   | Reached skill level 5 in Dodging
 14264 | Lair:2   | Received a gift from Okawaru
 14272 | Lair:2   | Reached skill level 14 in Invocations
 14272 | Lair:2   | Reached XP level 13. HP: 113/113 MP: 14/23
 14977 | Lair:3   | Found a hole to the Spider Nest.
 15007 | Lair:3   | Reached ****** piety under Okawaru
 15199 | Lair:3   | Identified the +0 pair of gloves "Cuone" {Str+4 Slay+3}
                  | (Okawaru gifted it to you on level 3 of the Lair of Beasts)
 15199 | Lair:3   | Received a gift from Okawaru
 15518 | Lair:3   | You fall into a shaft and drop 1 floor!
 16165 | Lair:4   | Reached skill level 15 in Invocations
 16422 | Lair:4   | Noticed Kirke
 16444 | Lair:4   | Killed Kirke
 16673 | Lair:4   | Found a staircase to the Shoals.
 17259 | Lair:4   | Identified the +8 rapier "Hiefail" {drain, rElec Will+
                  | Str+4 Dex+2}
 17900 | Lair:5   | Received a gift from Okawaru
 18033 | Lair:5   | Noticed Rupert
 18037 | Lair:5   | Reached XP level 14. HP: 121/121 MP: 16/25
 18046 | Lair:5   | Killed Rupert
 18046 | Lair:5   | Received a gift from Okawaru
 18259 | Lair:5   | Noticed Josephine
 18266 | Lair:5   | Killed Josephine
 18266 | Lair:5   | Received a gift from Okawaru
 19037 | Lair:6   | Entered Level 6 of the Lair of Beasts
 19037 | Lair:6   | Found a viscous altar of Jiyva.
 19037 | Lair:6   | Found a staircase to the Slime Pits.
 19140 | Lair:6   | Found a dark tunnel.
 19151 | Lair:6   | Identified a scroll of acquirement
 19152 | Lair:6   | Acquired a manual of Invocations
 19174 | Volcano  | Entered a volcano
 19232 | Volcano  | Identified the +9 war axe of Pimne {flame, Will+ Str-2
                  | Int+5} (Okawaru gifted it to you in a volcano)
 19232 | Volcano  | Received a gift from Okawaru
 20720 | Lair:6   | Identified the +1 helmet of Cuzxiori {Str+3} (Okawaru
                  | gifted it to you on level 6 of the Lair of Beasts)
 20720 | Lair:6   | Received a gift from Okawaru
 21697 | Lair:6   | Reached XP level 15. HP: 76/126 MP: 17/26
 21718 | Lair:6   | Identified the +8 quarterstaff of Distraction {pain, Contam
                  | Str+7 Dex+2}
 22089 | Lair:6   | Reached skill level 16 in Invocations
 22094 | Lair:6   | Reached skill level 10 in Throwing
 22844 | Lair:6   | Received a gift from Okawaru
 23354 | Orc:1    | Entered Level 1 of the Orcish Mines
 23464 | Orc:1    | Found a flagged portal.
 23558 | Bailey   | Entered a bailey
 23906 | Bailey   | Got Sif Muna's Incunabulum of Creation and Confrontation
 24712 | Orc:2    | Entered Level 2 of the Orcish Mines
 24720 | Orc:2    | Found an iron altar of Okawaru.
 25596 | Orc:2    | Reached skill level 10 in Dodging
 25812 | Orc:2    | Found a staircase to the Elven Halls.
 25957 | Orc:1    | Reached skill level 10 in Evocations
 25960 | Orc:1    | Reached skill level 17 in Invocations
 26219 | Orc:2    | Received a gift from Okawaru
 26222 | Orc:2    | Noticed an orc warlord
 26230 | Orc:2    | Found a roughly hewn altar of Beogh.
 26239 | Orc:2    | Killed an orc warlord
 26545 | Orc:2    | Found Heaqocuu's Antique Armour Boutique.
 26551 | Orc:2    | Found Zusmoss's Antique Weapon Boutique.
 26797 | Orc:2    | Found Gebugud's Book Boutique.
 26812 | Orc:2    | Found Kasorar's General Store.
 27049 | D:11     | Noticed Psyche
 27050 | D:11     | Killed Psyche
 27052 | D:11     | Noticed Nergalle
 27064 | D:11     | Killed Nergalle
 27310 | D:11     | Noticed Erolcha
 27312 | D:11     | Killed Erolcha
 27331 | D:11     | Reached skill level 18 in Invocations
 27687 | D:11     | Noticed Fannar
 27700 | D:11     | Killed Fannar
 27958 | D:12     | Identified the +2 scale mail of Ru's Inspiration {rElec
                  | rN+++ Will+ Str-2}
 28120 | D:12     | Received a gift from Okawaru
 28675 | D:13     | Reached XP level 16. HP: 111/134 MP: 20/29
 28892 | D:13     | Reached skill level 19 in Invocations
 28950 | D:13     | Found a gate to the Vaults.
 28990 | D:13     | Reached skill level 15 in Axes
 29962 | D:14     | Reached skill level 20 in Invocations
 30528 | D:14     | Noticed Snorg
 30546 | D:14     | Killed Snorg
 30864 | D:14     | Identified the +9 scale mail of Keteapecs {Drain rC++ rN+
                  | Str+3}
 31136 | D:14     | Acquired a manual of Dodging
 31357 | Spider:1 | Entered Level 1 of the Spider Nest
 31368 | Spider:1 | Identified the +9 fustibalus of Nekhla {flame, *Slow rElec
                  | rN+ Dex+4} (Okawaru gifted it to you on level 1 of the
                  | Spider Nest)
 31368 | Spider:1 | Received a gift from Okawaru
 31918 | Spider:1 | Reached skill level 21 in Invocations
 32253 | Spider:1 | HP: 2/134 [jumping spider (8)]
 32253 | Spider:1 | Mangled by a jumping spider

Illustrated notes

Levels and vault maps discovered:
D:1:      erik_arrival_triangle_medium, layout_loops_corners, serial_shops, shop
D:2:      layout_rooms, dreamdust_ecumenical_altar_angels_and_demons,
          basic_altar, st_stairs_1
D:3:      minmay_general_purpose_star, layout_loops_corners, kennysheep_nub,
          hangedman_decor_points, nrook_loot_triangle
D:4:      layout_loops_ring, enter_ossuary_4
D:5:      layout_layer_cave, grunt_ministairs_2, due_unseen_surprise
D:6:      layout_basic
D:7:      layout_loops_cross, nicolae_overflow_crystal_walls,
          minmay_temple_entry_mist
D:8:      layout_gridville, serial_shops, nicolae_shop_crystal, shop
D:9:      layout_basic, erik_orc_4, nrook_mini_backslash, uniq_gastronok
D:10:     layout_long_grid, minmay_lair_entry_grove, grunt_ministairs_9,
          uniq_joseph, uniq_maurice
D:11:     minmay_statue_hallways, layout_rooms, uniq_nergalle, uniq_erolcha,
          uniq_psyche, uniq_fannar
D:12:     layout_rooms
D:13:     layout_long_grid, skrybe_vaults_entry_preservation
D:14:     layout_small_grid, kennysheep_pointless_box, uniq_snorg
Temple:   compressed_dpeg_circular_temple
Lair:1:   layout_cave_pods, gauntlet_entry_generic, pond,
          infiniplex_staircase_pool_2, lemuel_fruit_fields,
          minmay_lair_oklob_chamber
Lair:2:   layout_chaotic_city, serial_bayou_shore_a, serial_bayou_shore_b,
          lemuel_fruit_fields
Lair:3:   layout_chaotic_city, spider_nest_entry_web_field
Lair:4:   layout_gridlike, minmay_shoals_entry_beasts,
          chequers_serial_rivers_micro_b, worms_lemuel, serial_bayou_shore_b,
          infiniplex_staircase_pool, serial_bayou_shore_b, uniq_kirke
Lair:5:   layout_roguey, lemuel_another_geyser, uniq_josephine, uniq_rupert
Lair:6:   hangedman_lair_in_review, layout_big_grid,
          hangedman_lair_caniforms_friends, slime_altar_1,
          nicolae_volcano_entry_hallway, serial_bayou_shore_b
Spider:1: nicolae_spider_hilbert_zone_2 [nicolae_spider_hilbert_4_sides_1_open,
          nicolae_spider_hilbert_4_sides_1_open,
          nicolae_spider_hilbert_4_sides_1_open,
          nicolae_spider_hilbert_4_sides_1_open,
          nicolae_spider_hilbert_6_sides_1_open,
          nicolae_spider_hilbert_6_sides_1_open,
          nicolae_spider_hilbert_3_sides_1_open,
          nicolae_spider_hilbert_3_sides_1_open,
          nicolae_spider_hilbert_3_sides_1_open,
          nicolae_spider_hilbert_3_sides_1_open,
          nicolae_spider_hilbert_6_sides_1_open,
          nicolae_spider_hilbert_6_sides_1_open,
          nicolae_spider_hilbert_6_sides_1_open,
          nicolae_spider_hilbert_6_sides_1_open], drop_trap
Orc:1:    layout_diamond_mine, enter_bailey_2
Orc:2:    grunt_orc_cross, layout_caves, okawaru_metal_pillars_1_2

Skill      XL: |  1  2  3  4  5  6  7  8  9 10 11 12 13 14 15 16 |
---------------+-------------------------------------------------+-----
Axes           | 3 4 5 7 8 10 12 14 16 | 16.7
Fighting       | 4 5 6 7 8 10 | 10.0
Armour         | 4 5 6 8 10 | 10.0
Invocations    | 1 4 9 11 14 15 18 21 | 21.2
Evocations     | 4 6 7 9 10 | 10.0
Throwing       | 3 5 7 9 10 | 10.0
Dodging        | 3 5 7 9 10 | 10.0
Shields        | |  3.2

Action                   |  1- 3 |  4- 6 |  7- 9 | 10-12 | 13-15 | 16-18 || total
-------------------------+-------+-------+-------+-------+-------+-------++-------
Melee: War axe           |    90 |   117 |   228 |   305 |   758 |   195 ||  1693
       Whip              |       |       |       |    16 |       |       ||    16
Throw: Dart              |    12 |       |       |       |    74 |    32 ||   118
       Stone             |     9 |    35 |   171 |    64 |       |       ||   279
       Boomerang         |       |       |       |    36 |   118 |       ||   154
       Javelin           |       |       |       |       |   173 |    74 ||   247
Invok: Heroism           |       |       |       |     6 |     3 |       ||     9
       Finesse           |       |       |       |     5 |     3 |       ||     8
Evoke: Wand              |       |       |       |     2 |     1 |       ||     3
  Use: Potion            |       |     1 |       |       |     1 |     8 ||    10
       Scroll            |       |     5 |    17 |     3 |     6 |     3 ||    34
 Stab: Petrified         |       |     1 |       |       |     2 |       ||     3
       Petrifying        |       |       |       |       |     1 |       ||     1
       Invisible         |       |       |       |       |     1 |     2 ||     3
Armor: Scale mail        |    26 |       |       |       |       |       ||    26
       Chain mail        |    27 |    99 |    32 |       |       |       ||   158
       Plate armour      |       |       |    89 |   128 |   280 |   102 ||   599
Dodge: Dodged            |    15 |    31 |    33 |    44 |   239 |    74 ||   436
Block: Kite shield       |    42 |    72 |   145 |   216 |   685 |   203 ||  1363
       Reflection        |       |       |       |     5 |    27 |     7 ||    39

Table legend: (Time is in decaauts)
 A = Elapsed time spent in this place.
 B = Non-inter-level travel time spent in this place.
 C = Inter-level travel time spent in this place.
 D = Time resting spent in this place.
 E = Time spent auto-exploring this place.
 F = Levels seen in this place.
 G = Mean time per level.
                   A        B        C        D        E       F      G
               +--------+--------+--------+--------+--------+-----+--------+
         Total |  32718 |  31797 |    921 |  10215 |  15487 |  28 | 1168.5 |
       Dungeon |  15729 |  15225 |    504 |   3644 |   8986 |  14 | 1123.5 |
        Temple |     97 |     97 |      0 |      0 |      0 |   1 |   97.0 |
          Lair |  10279 |   9975 |    304 |   3460 |   4925 |   6 | 1713.2 |
   Spider Nest |    898 |    898 |      0 |    559 |    140 |   1 |  898.0 |
  Orcish Mines |   2960 |   2849 |    111 |   1074 |   1134 |   2 | 1480.0 |
       Ossuary |    524 |    524 |      0 |    276 |    149 |   1 |  524.0 |
        Bailey |    690 |    690 |      0 |    334 |     85 |   1 |  690.0 |
       Volcano |   1021 |   1021 |      0 |    681 |     68 |   1 | 1021.0 |
      Gauntlet |    515 |    515 |      0 |    187 |      0 |   1 |  515.0 |
               +--------+--------+--------+--------+--------+-----+--------+

Top non-repeatable levels by time:
  Lair:6: 3246 daAuts
  Lair:1: 1800 daAuts
  Lair:4: 1777 daAuts
     D:5: 1726 daAuts
  Lair:5: 1675 daAuts
    D:10: 1600 daAuts
   Orc:2: 1538 daAuts
   Orc:1: 1422 daAuts
    D:14: 1398 daAuts
     D:9: 1340 daAuts
    D:13: 1327 daAuts
     D:3: 1324 daAuts
     D:8: 1210 daAuts
     D:1: 1044 daAuts
 Volcano: 1021 daAuts
